 Dungeon Crawl Stone Soup version 0.21.0-37-g46506fa (webtiles) character file.

112 JeffiDaFish the Stinger (level 4, -3/24 HPs)
             Began as a Gargoyle Venom Mage on Jan 31, 2018.
             Slain by Zados's ghost (5 damage)
             ... on level 3 of the Dungeon on Feb 1, 2018.
             The game lasted 00:13:23 (3230 turns).

JeffiDaFish the Stinger (Gargoyle Venom Mage)       Turns: 3230, Time: 00:13:24

Health: -3/24      AC:  7    Str: 11    XL:     4   Next: 95%
Magic:  8/8        EV: 12    Int: 17    God:
Gold:   174        SH:  0    Dex: 12    Spells: 2/8 levels left

rFire    . . .     SeeInvis .   i - +3 whip (venom)
rCold    . . .     Gourm    .   (no shield)
rNeg     + . .     Faith    .   a - +0 robe
rPois    ∞         Spirit   .   (helmet restricted)
rElec    +         Reflect  .   (no cloak)
rCorr    .         Harm     .   (no gloves)
MR       .....                  f - +1 pair of boots
Stlth    ++........             (no amulet)
HPRegen  0.08/turn              (no ring)
MPRegen  0.11/turn              (no ring)

@: no status effects
A: claws 1, horns 1, agile 1, negative energy resistance 1, electricity
resistance, unbreathing, petrification resistance, rot immunity, AC +3
a: no special abilities


You were on level 3 of the Dungeon.
You were hungry.

You visited 1 branch of the dungeon, and saw 4 of its levels.

You collected 174 gold pieces.

Inventory:

Hand Weapons
 i - a +3 whip of venom (weapon)
Armour
 a - a +0 robe (worn)
 f - a +1 pair of boots (worn)
Scrolls
 d - 2 scrolls of magic mapping
 h - 2 scrolls of identify
Potions
 j - 3 potions of curing
Books
 b - a Young Poisoner's Handbook

   Spells                             Type                      Level
   a - Sting                          Conjuration/Poison           1
   b - Poisonous Vapours              Poison/Air                   2
   c - Mephitic Cloud                 Conjuration/Poison/Air       3
   d - Olgreb's Toxic Radiance        Poison                       4
   e - Venom Bolt                     Conjuration/Poison           5
 e - a book of Misfortune

   Spells                             Type                      Level
   a - Confusing Touch                Hexes                        1
   b - Confuse                        Hexes                        3
   c - Gell's Gravitas                Translocation                3
   d - Petrify                        Transmutation/Earth          4
   e - Metabolic Englaciation         Hexes/Ice                    5
   f - Yara's Violent Unravelling     Hexes/Transmutation          5
Comestibles
 c - 5 rations


   Skills:
 - Level 0.5 Fighting
   Level 0.6 Short Blades
 + Level 2.1 Dodging
 - Level 2.3 Stealth
 * Level 2.8 Spellcasting
 + Level 1.8 Conjurations
 + Level 0.7 Air Magic
 + Level 3.8 Poison Magic


You had 2 spell levels left.
You knew the following spells:

 Your Spells              Type           Power        Failure   Level  Hunger
a - Sting                 Conj/Pois      ##..         5%          1    #......
b - Poisonous Vapours     Pois/Air       ##....       11%         2    ##.....
c - Mephitic Cloud        Conj/Pois/Air  #.......     22%         3    ###....


Dungeon Overview and Level Annotations

Branches:
Dungeon (4/15)
 Temple: D:4-7

Altars:

Annotations:
D:3 Zados's ghost, amateur GnWn
D:4 Kurtz's ghost, novice OpAK


Innate Abilities, Weirdness & Mutations

You are resistant to torment.
Your stone body is resilient. (AC +3)
You are immune to poison.
You resist negative energy. (rN+)
You are resistant to electric shocks. (rElec)
You can survive without breathing.
You are immune to petrification.
You are immune to rotting.
You have sharp fingernails.
You have a pair of small horns on your head.
You are agile. (Dex +2)


Message History

You climb downwards.
There is a stone staircase leading up here.
You start resting.
Kurtz's ghost (novice Octopode Abyssal Knight) comes into view.
Okay, then.
You climb upwards.
Level annotation: Zados's ghost, amateur GnWn Zados's ghost hits you but does no damage.
There is a stone staircase leading down here.
Zados's ghost frowns in concentration.
Zados's ghost hits you!
* * * LOW HITPOINT WARNING * * *
You see here a tomahawk.
You are feeling hungry.
You see here a glowing hand axe.
You see here 7 tomahawks.
Zados's ghost screams, "I was like you once."
There is a stone staircase leading up here.
Zados's ghost hits you.
You die...

..####.## #.....# ###.#
#.....)## #...#.# #.#
........#########.#.#### #.#
#######................#######)#
.# ############......W...##.# .#
#......# ###..#####.##[## .#
#......# ###............. ##
#......#####........#..#...
#.........@W.######(#<...#.
#......####### #.####...
#........# #.)..(###
#......#.#### #####..##
########....###### ##.##
####......### #(.( #####
######...# #... ....#
###.#####... ....# #...)#####


You could see Zados's ghost.

Vanquished Creatures
  3 adders (D:2)
  3 oozes (D:1)
  2 leopard geckos (D:2)
  4 orcs (D:3)
  6 bats
  4 giant cockroaches
  7 goblins
  7 hobgoblins
  7 jackals
  A quokka (D:2)
  3 frilled lizards
  10 kobolds
  7 rats
64 creatures vanquished.

Notes
Turn   | Place    | Note
-------+----------+-------------------------------------------
     0 | D:1      | JeffiDaFish the Gargoyle Venom Mage began the quest for the Orb.
     0 | D:1      | Reached XP level 1. HP: 10/10 MP: 3/3
    93 | D:1      | Reached XP level 2. HP: 4/15 MP: 0/5
   328 | D:1      | Learned a level 2 spell: Poisonous Vapours
   863 | D:1      | Reached XP level 3. HP: 14/20 MP: 4/6
  1645 | D:2      | Reached XP level 4. HP: 24/24 MP: 7/7
  2077 | D:2      | You fall through a shaft!
  2342 | D:3      | Noticed Zados's ghost (amateur GnWn)
  2895 | D:3      | Gained mutation: You are agile. (Dex +2) [potion of mutation]
  2895 | D:3      | Gained mutation: You have sharp fingernails. [potion of mutation]
  2895 | D:3      | Gained mutation: You have a pair of small horns on your head. [potion of mutation]
  2901 | D:3      | Learned a level 3 spell: Mephitic Cloud
  3197 | D:4      | Noticed Kurtz's ghost (novice OpAK)
  3212 | D:3      | HP: 1/24 [Zados's ghost (7)]
  3230 | D:3      | Slain by Zados's ghost

Skill      XL: |  1  2  3 |
---------------+----------+-----
Dodging        | 2 |  2.1
Fighting       | |  0.5
Short Blades   | |  0.6
Stealth        | |  2.3
Spellcasting   | |  2.8
Conjurations   | |  1.8
Air Magic      | |  0.7
Poison Magic   | |  3.8

Action                   |  1- 3 |  4- 6 || total
-------------------------+-------+-------++-------
Melee: Short sword       |    64 |       ||    64
       Dagger            |     1 |       ||     1
       Whip              |    41 |    39 ||    80
 Cast: Sting             |    14 |       ||    14
       Poisonous Vapours |    11 |    17 ||    28
  Use: Scroll            |     5 |     4 ||     9
       Potion            |     2 |     2 ||     4
 Stab: Sleeping          |     1 |     3 ||     4
  Eat: Chunk             |     4 |     5 ||     9
Armor: Robe              |    48 |    14 ||    62
Dodge: Dodged            |    66 |    29 ||    95
